 Dungeon Sprint DCSS version 0.27.1-2-g3b301248ec (webtiles) character file.

Game seed: 14596035160106897718

193 styxcanada the Covert (level 5, -2/28 HPs)
             Began as a Spriggan Brigand on Sept 27, 2021.
             Was an Initiate of Gozag.
             Slain by a spriggan (10 damage)
             ... in the Dungeon (Sprint IV: "Fedhas' Mad Dash").
             The game lasted 00:01:58 (145 turns).

styxcanada the Covert (Spriggan Brigand)             Turns: 145, Time: 00:01:58

Health: -2/28      AC:  3    Str:  7    XL:     5   Next: 44%
Magic:  6/6        EV: 19    Int: 12    God:    Gozag
Gold:   136        SH:  0    Dex: 18    Spells: 4/4 levels left

rFire    . . .     SeeInvis +   a - +2 dagger
rCold    . . .     Faith    .   (shield restricted)
rNeg     . . .     Spirit   .   b - +0 robe
rPois    .         Reflect  .   (helmet restricted)
rElec    .         Harm     .   c - +0 cloak
rCorr    .         Rampage  .   (gloves unavailable)
Will     .....     NoTele   +   (boots unavailable)
Stlth    ++++++....             m - amulet of invisibility {+Inv}
HPRegen  0.09/turn              (no ring)
MPRegen  0.10/turn              (no ring)

@: gold aura, very slightly contaminated, very quick
A: very small, no large weapons, unfitting armour, see invisible, speed 3
a: Renounce Religion, Evoke Invisibility, Potion Petition, Call Merchant, Bribe
Branch


You were in the Dungeon.
You worshipped Gozag.
Gozag was aware of your devotion.
You visited 1 branch You collected 136 gold pieces.

Inventory:

Hand Weapons
 a - a +2 dagger (weapon)
Missiles
 e - a curare-tipped dart (quivered)
Armour
 b - a +0 robe (worn)
 c - a +0 cloak (worn)
Jewellery
 m - the amulet of invisibility (around neck) {+Inv}
   (You found it in the Dungeon)

   [amulet of nothing]

   +Inv:      It lets you turn invisible.
Scrolls
 k - a scroll of blinking
 l - a scroll of vulnerability {unknown}
Potions
 f - a potion of curing
 g - a potion of heal wounds
 h - a potion of haste
 i - 2 potions of magic
 j - a potion of berserk rage


   Skills:
 * Level 3.2 Fighting
 + Level 3.1 Short Blades
 + Level 3.0 Throwing
 * Level 4.9 Dodging
 * Level 14.6 Stealth
 * Level 2.7 Evocations


You had 4 spell levels left.
You didn't know any spells.
Your spell library was empty.

Dungeon Overview and Level Annotations

Branches:
Dungeon (1/1)

Altars:
Cheibriados
Dithmenos
Elyvilon
Gozag
Hepliaklqana
Kikubaaqudgha
Makhleb
Nemelex Xobeh
Okawaru
Qazlal
Ru
Sif Muna
Trog
Uskayaw
Vehumet
Wu Jian
Xom
Yredelemnul
Zin
The Shining One
Beogh
Jiyva
Lugonu


Innate Abilities, Weirdness & Mutations

You are very small and have problems with some larger weapons.
You are too small for most types of armour.
You have supernaturally acute eyesight. (SInv)
You cover ground extremely quickly. (Speed+++)


Message History

The spriggan looks more healthy.
There is an open door here.
Throw: 3 darts (poison)
Press: ? - help, Q - select action, (/) - cycle Shift-Dir - straight line, f/p - spriggan
Aim: a spriggan, wielding a +0 dagger and wearing a +0 robe (severely wounded, 36% to hit)
You throw a poisoned dart.
The poisoned dart barely misses the spriggan.
The poisoned dart hits the spriggan!
The spriggan is poisoned.
The spriggan is almost dead.
The spriggan closely misses you.
You kill the spriggan!
Your Throwing skill increases to level 3!
There is a staircase leading out of the dungeon here.
Throw: 2 darts (poison)
Press: ? - help, Q - select action, (/) - cycle Shift-Dir - straight line, f/p - spriggan
Aim: a spriggan, wielding a +0 dagger and wearing a +0 robe (severely wounded, 36% to hit)
You throw a poisoned dart. The poisoned dart misses the spriggan.
The poisoned dart hits the fungus!
The spriggan is distracted by your dazzling golden aura.
Throw: dart (poison)
Press: ? - help, Q - select action, (/) - cycle Shift-Dir - straight line, f/p - spriggan
Aim: a spriggan, wielding a +0 dagger and wearing a +0 robe (severely wounded, unaware, hasn't noticed you, 36% to hit)
You throw a poisoned dart.
The poisoned dart closely misses the spriggan.
The poisoned dart hits the fungus!
The fungus is poisoned.
The spriggan shouts!
You hit the spriggan but do no damage.
The spriggan is no longer distracted by gold.
The spriggan is severely wounded.
The spriggan completely misses you.
Unknown command.
Throw: 2 darts (curare)
Press: ? - help, Q - select action, (/) - cycle Shift-Dir - straight line, f/p - spriggan
Aim: a spriggan, wielding a +0 dagger and wearing a +0 robe (severely wounded, 36% to hit)
You throw a curare-tipped dart.
The curare-tipped dart closely misses the spriggan.
The curare-tipped dart hits the fungus.
The fungus begins to die.
The spriggan hits you with a +0 dagger!
You die...
Your body crumbles into a pile of gold.

##################
#@i.P#.....#..(..#
#PP..'$(...'(#.[.'
#PPPP#...†.#.#†..#
###############+##
# $ $#


$$$$ You could see a spriggan.

Vanquished Creatures
  A scorpion (D)
  3 oklob saplings (D)
  A spriggan (D)
  A river rat (D)
  A rat (D)
7 creatures vanquished.

Notes
Turn   | Place    | Note
-------+----------+-------------------------------------------
     0 | D        | styxcanada the Spriggan Brigand began the quest for the
                  | Orb.
     0 | D        | Reached XP level 1. HP: 10/10 MP: 2/2
     9 | D        | Reached skill level 8 in Stealth
     9 | D        | Reached XP level 2. HP: 15/15 MP: 3/3
    18 | D        | Noticed an oklob sapling
    19 | D        | Killed an oklob sapling
    20 | D        | Reached skill level 10 in Stealth
    20 | D        | Reached XP level 3. HP: 18/18 MP: 4/4
    21 | D        | Noticed a scorpion
    21 | D        | Found the amulet of invisibility {+Inv}
    23 | D        | Killed a scorpion
    24 | D        | Reached skill level 12 in Stealth
    24 | D        | Reached XP level 4. HP: 23/23 MP: 5/5
    43 | D        | Found an opulent altar of Gozag.
    43 | D        | Found a hazy altar of Hepliaklqana.
    43 | D        | Found a burning altar of Makhleb.
    43 | D        | Found a sparkling altar of Nemelex Xobeh.
    43 | D        | Found a sacrificial altar of Ru.
    43 | D        | Found a shimmering blue altar of Sif Muna.
    43 | D        | Found an ornate altar of the Wu Jian Council.
    43 | D        | Found a shimmering altar of Xom.
    43 | D        | Found a basalt altar of Yredelemnul.
    44 | D        | Found a viscous altar of Jiyva.
    44 | D        | Found a snail-covered altar of Cheibriados.
    44 | D        | Found a bloodstained altar of Trog.
    45 | D        | Found an iron altar of Okawaru.
    45 | D        | Found a shadowy altar of Dithmenos.
    45 | D        | Found a glowing silver altar of Zin.
    46 | D        | Found an ancient bone altar of Kikubaaqudgha.
    46 | D        | Found a hide-covered altar of Uskayaw.
    47 | D        | Found a stormy altar of Qazlal.
    47 | D        | Found a white marble altar of Elyvilon.
    47 | D        | Found a glowing golden altar of the Shining One.
    48 | D        | Became a worshipper of Gozag Ym Sagoz the Greedy
    49 | D        | Found a corrupted altar of Lugonu.
    49 | D        | Found a radiant altar of Vehumet.
    57 | D        | Reached skill level 13 in Stealth
    57 | D        | Reached skill level 1 in Evocations
    57 | D        | Reached XP level 5. HP: 28/28 MP: 4/6
    99 | D        | Reached skill level 14 in Stealth
   145 | D        | Slain by a spriggan

Illustrated notes

Levels and vault maps discovered:
D:        dungeon_sprint_fedhas [sprint_temple]

Skill      XL: |  1  2  3  4  5 |
---------------+----------------+-----
Dodging        | 2 3 4 |  4.9
Stealth        | 8 10 12 13 14 | 14.6
Fighting       | 2 3 |  3.2
Evocations     | 1 2 |  2.7
Short Blades   | 3 |  3.1
Throwing       | 3 |  3.0

Action                   |  1- 3 |  4- 6 || total
-------------------------+-------+-------++-------
Melee: Dagger            |     5 |     6 ||    11
Throw: Dart              |       |     9 ||     9
 Abil: Evoke Invisibilit |       |     2 ||     2
 Stab: Sleeping          |     3 |     1 ||     4
       Invisible         |       |     1 ||     1
Armor: Robe              |     1 |       ||     1
Dodge: Dodged            |     2 |     6 ||     8
